 Dungeon Crawl Stone Soup version 0.20-a0-540-ge6d1839 (webtiles) character file.

121 Duffy the Chopper (level 5, 0/45 HPs)
             Began as a Naga Gladiator on Jan 29, 2017.
             Slain by Robin
             ... wielding a +0 trident
              (4 damage)
             ... on level 3 of the Dungeon.
             The game lasted 00:02:05 (2591 turns).

Duffy the Chopper (Naga Gladiator)                  Turns: 2591, Time: 00:02:06

Health: 0/45       AC:  4    Str: 17    XL:     5   Next: 5%
Magic:  5/5        EV: 10    Int:  9    God:
Gold:   32         SH:  0    Dex: 12    Spells: 4/4 levels left

rFire    . . .     SeeInvis +   a - +0 war axe
rCold    . . .     Gourm    .   b - +0 leather armour
rNeg     . . .     Faith    .   (no shield)
rPois    +         Spirit   .   c - +0 helmet
rElec    .         Reflect  .   (no cloak)
rCorr    .         Harm     .   (no gloves)
MR       .....                  (no barding)
Stlth    +.........             (no amulet)
Regen    0.2/turn               (no ring)
                                (no ring)

@: short of breath, very slow
A: see invisible, deformed body, poison resistance, slowness 2, slow metabolism
1, spit poison 1, AC +1
a: Spit Poison


You were on level 3 of the Dungeon.
You were not hungry.

You visited 1 branch of the dungeon, and saw 3 of its levels.

You collected 32 gold pieces.

Inventory:

Hand Weapons
 a - a +0 war axe (weapon)
Missiles
 d - 3 throwing nets (quivered)
Armour
 b - a +0 leather armour (worn)
 c - a +0 helmet (worn)
Jewellery
 m - an uncursed amulet of regeneration {unknown}
Scrolls
 e - a scroll of immolation {unknown}
 i - 2 scrolls of identify {unknown}
 n - a scroll of blinking {unknown}
 q - a scroll of teleportation {unknown}
 r - a scroll of enchant armour {unknown}
Potions
 h - 2 potions of haste {unknown}
 j - a potion of ambrosia {unknown}
 k - a potion of brilliance {unknown}
 l - 2 potions of agility {unknown}
 p - a potion of lignification {unknown}
Comestibles
 f - 3 bread rations
 g - 4 fruits


   Skills:
 - Level 2.0 Fighting
 + Level 5.5 Axes
 - Level 1.7 Throwing
 - Level 2.4 Dodging


You had 4 spell levels left.
You didn't know any spells.

Dungeon Overview and Level Annotations

Branches:
Dungeon (3/15)

Altars:
Nemelex Xobeh

Annotations:
D:3 Robin


Innate Abilities, Weirdness & Mutations

You cannot wear boots.
Your serpentine skin is tough. (AC +1)
You have supernaturally acute eyesight. (SInv)
Armour fits poorly on your strangely shaped body.
Your system is resistant to poisons. (rPois)
You cover ground very slowly.
You have a slow metabolism.
You can spit poison.


Message History

The hobgoblin hits you. The goblin hits you but does no damage.
Robin roars a battlecry!
The goblin goes into a battle-frenzy!
You slash the goblin!
You kill the goblin!
You hit the hobgoblin. The hobgoblin closely misses you.
The hobgoblin hits you.
You slash the hobgoblin!
You kill the hobgoblin!
Robin hits you but does no damage. Robin hits you but does no damage.
Things that are here:
a club; a goblin corpse
Press: ? - help, Shift-Dir - straight line, f - Robin
Aim: Robin, wielding a trident, wearing an animal skin and wearing a helmet The splash of poison hits Robin.
Robin is heavily wounded.
You feel slightly more hungry.
Robin hits you from afar with a trident.
You die...

#...........#
#.#####.#.### ...
#.#... ###. #.#....
#. #.#.#....
#.#####.#.########
#.#..............#
#.###.#(######.#
#@# #.#.# #.# # #)#
#.#.# #.# #.#g#
#.#.# #.#
###.#.#.###.#+##
#.#
.........w........
#.#
........#.###.....
#.# ........#)#
...... #.#
........#.##..# .
#.#
.....##.#)##..#.###
#.#


You could see a worm and Robin.

Vanquished Creatures
  2 adders (D:2)
  5 oozes
  An adder skeleton (D:3)
  A worm (D:2)
  2 dart slugs
  A leopard gecko (D:1)
  An orc (D:2)
  3 bats
  A giant cockroach (D:1)
  17 goblins
  13 hobgoblins
  3 jackals (D:1)
  2 ball pythons
  5 frilled lizards
  6 kobolds
  6 rats
69 creatures vanquished.

Notes
Turn   | Place    | Note
-------+----------+-------------------------------------------
     0 | D:1      | Duffy the Naga Gladiator began the quest for the Orb.
     0 | D:1      | Reached XP level 1. HP: 19/19 MP: 1/1
    69 | D:1      | Reached XP level 2. HP: 22/26 MP: 2/2
   385 | D:1      | Reached skill level 4 in Axes
   463 | D:1      | Reached XP level 3. HP: 30/32 MP: 3/3
  1538 | D:2      | Reached XP level 4. HP: 33/39 MP: 4/4
  1978 | D:2      | Reached skill level 5 in Axes
  2212 | D:2      | Found a sparkling altar of Nemelex Xobeh.
  2567 | D:3      | Noticed Robin
  2577 | D:3      | Reached XP level 5. HP: 12/45 MP: 5/5
  2591 | D:3      | Slain by Robin

Vault maps used:
D:1:      sevenhm_arrival_forest_fort_large_4, serial_bayou_lake_a
D:2:      nemelex_dance_club_becter
D:3:      first_bread, uniq_robin

Skill      XL: |  1  2  3  4 |
---------------+-------------+-----
Axes           | 4 5 |  5.5
Fighting       | |  2.0
Throwing       | |  1.7
Dodging        | |  2.4

Action                   |  1- 3 |  4- 6 || total
-------------------------+-------+-------++-------
Melee: War axe           |   100 |    80 ||   180
 Abil: Spit Poison       |       |     2 ||     2
 Stab: Distracted        |       |     1 ||     1
  Eat: Chunk             |     1 |     3 ||     4
Armor: Leather armour    |    28 |    39 ||    67
Dodge: Dodged            |    64 |    71 ||   135
